 Dungeon Crawl Stone Soup version 0.30-a0-719-gcc4359ea44 (webtiles) character file.

Game seed: 17657293109097783889

5940 bmack86 the Cleaver (level 10, -1/85 (89) HPs)
             Began as a Minotaur Fighter on Jan 27, 2023.
             Was an Elder of Okawaru.
             Slain by a wyvern (2 damage)
             ... on level 9 of the Dungeon.
             The game lasted 00:24:23 (10167 turns).

bmack86 the Cleaver (Minotaur Fighter)             Turns: 10167, Time: 00:24:24

HP:   -1/85 (89)    AC: 21    Str: 26    XL:     10   Next: 54%
MP:   11/11         EV:  4    Int:  5    God:    Okawaru [****..]
Gold: 543           SH:  7    Dex: 21    Spells: 9/9 levels left

rFire   + . .      SeeInvis .    a - +1 war axe
rCold   + . .      Faith    +    c - +0 buckler
rNeg    . . .      Spirit   .    N - +0 gold dragon scales
rPois   +          Reflect  .    (helmet restricted)
rElec   .          Harm     .    P - +0 cloak
rCorr   .          Rampage  .    B - +1 pair of gloves
Will    .....                    h - +0 pair of boots Stlth
                                 s - amulet of faith
HPRegen 0.34/turn                j - +6 ring of dexterity
MPRegen 0.12/turn                z - +6 ring of dexterity

@: slowed, lightly drained, very slow
A: horns 2, retaliatory headbutt
a: Renounce Religion, Heroism, Finesse


You were on level 9 of the Dungeon.
You worshipped Okawaru.
Okawaru was greatly pleased with you.
You visited 2 branches of the dungeon, and saw 10 of its levels.

You collected 543 gold pieces.

Inventory:

Hand Weapons
 a - a +1 war axe (weapon)
 M - a +0 war axe
Missiles
 f - 8 poisoned darts
 l - 5 boomerangs (quivered)
 A - 7 javelins
Armour
 c - a +0 buckler (worn)
 h - a +0 pair of boots (worn)
 m - a +0 plate armour
 B - a +1 pair of gloves (worn)
 N - +0 gold dragon scales (worn)
 P - a +0 cloak (worn)
Jewellery
 e - a ring of positive energy
 g - a ring of flight
 j - a +6 ring of dexterity (left hand)
 n - a ring of resist corrosion
 s - an amulet of faith (around neck)
 v - a ring of magical power
 z - a +6 ring of dexterity (right hand)
Wands
 b - a wand of mindburst (14)
 p - a wand of acid (16)
 u - a wand of roots (11)
 H - a wand of polymorph (9)
Scrolls
 i - a scroll of brand weapon {unknown}
 r - 3 scrolls of enchant weapon
 x - 2 scrolls of blinking
 y - 4 scrolls of teleportation
 C - 3 scrolls of fear
Potions
 d - 3 potions of might
 k - a potion of magic
 o - 2 potions of lignification {unknown}
 q - 6 potions of heal wounds
 t - a potion of ambrosia {unknown}
 w - 3 potions of curing
 D - 2 potions of haste {unknown}
 E - 2 potions of attraction {unknown}
 J - 3 potions of brilliance
 K - a potion of flight


   Skills:
 + Level 8.3 Fighting
 * Level 11.0 Axes
 + Level 5.9 Throwing
 + Level 8.4 Armour
 + Level 8.5 Shields
 + Level 3.7 Invocations


You had 9 spell levels left.
You didn't know any spells.
Your spell library contained the following spells:

 Spells                   Type           Power      Damage    Failure   Level
 Beastly Appendage        Tmut           0%         N/A       100%        1
 Freeze                   Ice            0%         1d3       100%        1
 Ensorcelled Hibernation  Hex/Ice        0%         N/A       100%        2
 Passwall                 Tmut/Erth      0%         N/A       100%        2
 Wereblood                Tmut           0%         N/A       100%        2
 Frozen Ramparts          Ice            0%         1d1       100%        3
 Hailstorm                Conj/Ice       0%         3d3       100%        3
 Spider Form              Tmut/Pois      0%         N/A       100%        3
 Swiftness                Air            0%         N/A       100%        3
 Airstrike                Air            0%         2d(0-16)  100%        4
 Lightning Bolt           Conj/Air       0%         1d11      100%        5
 Summon Lightning Spire   Summ/Air       Unusable   N/A       N/A         4

Dungeon Overview and Level Annotations

Branches:
Dungeon (9/15)             Temple (1/1) D:7             Orc (0/2) D:9
   Lair: D:8-11

Altars:
Ashenzari
Cheibriados
Dithmenos
Elyvilon
Fedhas
Gozag
Hepliaklqana
Kikubaaqudgha
Makhleb
Nemelex Xobeh
Okawaru
Qazlal
Ru
Sif Muna
Trog
Uskayaw
Vehumet
Wu Jian
Xom
Yredelemnul
Zin
The Shining One

Shops:
D:1 :[((

Annotations:
D:2 1 runed translucent door, Crazy Yiuf


Innate Abilities, Weirdness & Mutations

You have a pair of horns on your head.
You reflexively headbutt those who attack you in melee.


Message History

The orc priest shouts!
The wyvern bites you but does no damage.
You block the wyvern's attack. The wight hits you with a +2 hand axe!
You feel drained.
The wyvern bites you but does no damage.
You hit the wight.
You destroy the wight!
Okawaru accepts your kill.
You hit the wyvern but do no damage. You hit the wraith.
The wyvern barely misses you. The wraith barely misses you.
The wyvern bites you but does no damage.
The wraith hits you! You block the wyvern's attack.
The wraith hits you but does no damage. The wyvern bites you.
* * * LOW HITPOINT WARNING * * *
Things that are here:
a +2 hand axe; a +0 robe You hit the wyvern but do no damage.
Your headbutt misses the wyvern.
The wyvern is lightly wounded.
You slash the wraith! You block the wyvern's attack. The wraith hits you!
* * * LOW HITPOINT WARNING * * *
The wraith drains your vigour!
You feel as though you will be slow longer.
The wyvern bites you!
* * * LOW HITPOINT WARNING * * *
The orc priest hits you with a +0 mace.
* * * LOW HITPOINT WARNING * * *
You block the wraith's attack.
You barely miss the wyvern.
You headbutt the wyvern, but do no damage.
You hit the wraith but do no damage. You hit the orc priest.
You block the wyvern's attack.
The wyvern bites you but does no damage.
The orc priest hits you but does no damage.
The wraith hits you.
* * * LOW HITPOINT WARNING * * *
The wraith drains your vigour!
You feel as though you will be slow longer.
The wyvern bites you.
You die...

........รท..##
##.#########...#
....>......#
#.............#
###...###..#
#.....).......#
#####l#..#
#......#####..# #O##)#
#....).# #..#
..#.########......# #..#
.#...............# #..#
#### ##.....o.........#
#... ....
#.....l@........#####...
.....
#.....W.................
.....
#.....#########.........
......#...###
#8...^...... ......#...#
#...........
###..........#
+..>........
..########<..#
#...........
.............#
#8..).......
.........>...##
####..)......#


You could see a wraith, a wyvern and an orc priest.

Vanquished Creatures
  A two-headed ogre (D:7)
  A cyclops (D:7)
  A gargoyle (D:7)
  A komodo dragon (D:7)
  A hornet (D:8)
  Sigmund (D:2)
  A wraith (D:9)
  A wyvern (D:7)
  2 steam dragons
  An acid dragon (D:7)
  A water moccasin (D:7)
  3 ice beasts
  A black bear (D:6)
  2 ogres (D:5)
  5 centaurs
  A phantom (D:7)
  2 kobold brigands
  5 bullfrogs (D:7)
  2 scorpions (D:5)
  6 wights
  A killer bee (D:9)
  8 howler monkeys
  An electric eel (D:6)
  2 gnoll boudas
  4 jellies
  8 orc priests
  3 hounds
  Jessica (D:3)
  An iguana (D:4)
  10 orc wizards
  4 gnolls
  7 adders
  A shadow imp (D:7)
  3 white imps
  An ufetubus (D:7)
  A worm (D:4)
  5 dart slugs
  28 orcs
  3 bats
  4 endoplasms
  6 giant cockroaches
  6 hobgoblins
  7 jackals
  4 quokkas
  5 ball pythons
  5 frilled lizards
  10 goblins
  9 kobolds
  5 rats
192 creatures vanquished.

Vanquished Creatures (others)
  A plant (D:1)
1 creature vanquished.

Grand Total: 193 creatures vanquished

Notes
Turn   | Place    | Note
-------+----------+-------------------------------------------
     0 | D:1      | bmack86 the Minotaur Fighter began the quest for the Orb.
     0 | D:1      | Reached XP level 1. HP: 19/19 MP: 0/0
    70 | D:1      | Found Puppo's Book Emporium.
   111 | D:1      | Reached XP level 2. HP: 10/27 MP: 1/1
   249 | D:1      | Reached skill level 3 in Axes
   255 | D:1      | Found Omaymuli's Weapon Emporium.
   409 | D:1      | Found Vehih's Antique Weapon Boutique.
   502 | D:1      | Found Mahem's Antique Armour Boutique.
   648 | D:1      | Reached XP level 3. HP: 33/33 MP: 2/2
  1478 | D:2      | Identified the +1 chain mail "Sotzoesh" {Rampage rElec rF-
                  | Dex+2}
  1495 | D:2      | Noticed Sigmund
  1506 | D:2      | Killed Sigmund
  1507 | D:2      | Reached skill level 4 in Axes
  1507 | D:2      | Reached skill level 1 in Throwing
  1507 | D:2      | Reached XP level 4. HP: 23/41 MP: 3/3
  1507 | D:2      | Reached XP level 5. HP: 27/47 MP: 4/4
  1824 | D:2      | Identified the +12 whip "Opoluo" {heavy, Str+2}
  1840 | D:2      | Identified the +8 dagger of Wu Jian {drain, rPois Will++
                  | Str+2 Dex-5}
  2271 | D:2      | Found a runed translucent door.
  2272 | D:2      | Noticed Crazy Yiuf
  2698 | D:3      | Reached XP level 6. HP: 53/53 MP: 5/5
  2833 | D:3      | Noticed Jessica
  2837 | D:3      | Killed Jessica
  2838 | D:3      | Reached skill level 5 in Axes
  3426 | D:4      | Found a shimmering blue altar of Sif Muna.
  3567 | D:4      | Reached skill level 5 in Shields
  3569 | D:4      | Reached skill level 5 in Armour
  3573 | D:4      | Reached skill level 5 in Fighting
  3615 | D:4      | You fall into a shaft and drop 1 floor!
  3615 | D:5      | Entered Level 5 of the Dungeon
  3680 | D:5      | Reached XP level 7. HP: 10/61 MP: 6/6
  3906 | D:5      | Reached skill level 6 in Axes
  5524 | D:6      | Found a burning altar of Makhleb.
  5546 | D:6      | Reached XP level 8. HP: 60/70 MP: 7/7
  5565 | D:6      | Reached skill level 7 in Axes
  5887 | D:6      | Found a glowing golden altar of the Shining One.
  6531 | D:6      | Found a stormy altar of Qazlal.
  7045 | D:7      | Found a staircase to the Ecumenical Temple.
  7054 | D:7      | Reached skill level 8 in Axes
  7088 | Temple   | Entered the Ecumenical Temple
  7133 | Temple   | Became a worshipper of Warmaster Okawaru
  7534 | D:7      | Reached * piety under Okawaru
  7535 | D:7      | Reached XP level 9. HP: 46/78 MP: 8/8
  7692 | D:7      | Found an ancient bone altar of Kikubaaqudgha.
  7706 | D:7      | Noticed a kobold demonologist
  7707 | D:7      | Noticed an orange demon
  7714 | D:7      | Reached skill level 9 in Axes
  8004 | D:7      | Noticed a cyclops
  8017 | D:7      | Reached skill level 1 in Invocations
  8017 | D:7      | Noticed a two-headed ogre
  8026 | D:7      | Killed a cyclops
  8026 | D:7      | Reached ** piety under Okawaru
  8033 | D:7      | Killed a two-headed ogre
  8033 | D:7      | Reached *** piety under Okawaru
  8034 | D:7      | Reached skill level 5 in Throwing
  8043 | D:7      | Noticed a komodo dragon
  8052 | D:7      | Killed a komodo dragon
  8053 | D:7      | Reached skill level 10 in Axes
  8404 | D:7      | Reached XP level 10. HP: 78/88 MP: 11/11
  8604 | D:7      | Noticed a gargoyle
  8614 | D:7      | Killed a gargoyle
  8614 | D:7      | Received a gift from Okawaru
  9613 | D:9      | Found a staircase to the Orcish Mines.
  9768 | D:9      | Found a hazy altar of Hepliaklqana.
  9961 | D:9      | Found a bloodstained altar of Trog.
  9998 | D:9      | Noticed a two-headed ogre
 10097 | D:9      | Reached skill level 11 in Axes
 10159 | D:9      | Reached **** piety under Okawaru
 10166 | D:9      | HP: 2/85 [wyvern (13)]
 10167 | D:9      | Slain by a wyvern

Illustrated notes

Levels and vault maps discovered:
D:1:      lightli_arrival_boilingwater, layout_loops_corners, serial_shops,
          nicolae_shop_waterfront, nicolae_shop_temple_entry_statues_fountains,
          nicolae_square_shop, shop, serial_forest,
          infiniplex_forest_clump_medium, infiniplex_forest_end_1,
          infiniplex_forest_join, infiniplex_forest_clump_long,
          infiniplex_forest_clump_long, infiniplex_forest_clump_C,
          infiniplex_forest_straight_2
D:2:      wad_river_or_something, layout_basic, grunt_decor_fettered,
          minivault_11, uniq_crazy_yiuf_cottage, uniq_sigmund
D:3:      layout_basic, uniq_jessica
D:4:      layout_rooms, lemuel_doored_altar, corexii_item_surrounded_by_moat,
          grunt_decor_cap
D:5:      layout_loops_corners
D:6:      layout_loops_cross, tso_altar,
          mainiacjoe_overflow_concentric_impassable, lemuel_tele_altar,
          kennysheep_diamond, nicolae_water_bricks
D:7:      nzn_winding_woodlands_stair_cross [nzn_winding_woodlands_5x15_crooked,
          nzn_winding_woodlands_center_lodge,
          nzn_winding_woodlands_5x15_lazy_stream,
          nzn_winding_woodlands_5x5_cross, nzn_winding_woodlands_5x5_open_star,
          nzn_winding_woodlands_5x15_default,
          nzn_winding_woodlands_center_triple_pond,
          nzn_winding_woodlands_5x15_sawtooth], layout_loops_ring,
          kennysheep_little_box, minmay_temple_entry_junction,
          kennysheep_small_square
D:8:      layout_cave_pods
D:9:      minmay_clustersquares, layout_irregular_city,
          mainiacjoe_overflow_catch_the_wave, minmay_orc_entry_temple_small,
          uniq_maurice
Temple:   regret_index_temple_waves

Skill      XL: |  1  2  3  4  5  6  7  8  9 10 |
---------------+-------------------------------+-----
Axes           | 3 4 5 6 8 10 11 | 11.0
Shields        | 4 5 6 7 8 |  8.5
Armour         | 4 5 6 7 8 |  8.4
Fighting       | 4 5 6 7 8 |  8.3
Throwing       | 1 2 3 4 5 |  5.9
Invocations    | 2 3 |  3.7

Action                     |  1- 3 |  4- 6 |  7- 9 | 10-12 || total
---------------------------+-------+-------+-------+-------++-------
  Melee: War axe           |    67 |    97 |   234 |    95 ||   493
         Headbutt          |    17 |     9 |    39 |    20 ||    85
         Unarmed           |       |       |       |     4 ||     4
  Throw: Dart              |       |       |       |     8 ||     8
         Boomerang         |       |       |       |     1 ||     1
 Invoke: Heroism           |       |       |     2 |     2 ||     4
    Use: Scroll            |     3 |     3 |     9 |     5 ||    20
         Potion            |       |     1 |       |       ||     1
 Armour: Scale mail        |    14 |       |       |       ||    14
         Plate armour      |    17 |    61 |   128 |    24 ||   230
         Gold dragon scale |       |       |       |    95 ||    95
         Skin              |       |       |       |     2 ||     2
  Dodge: Dodged            |    20 |    19 |    68 |    39 ||   146
  Block: Buckler           |    12 |    29 |    65 |    44 ||   150

Table legend: (Time is in decaauts)
 A = Elapsed time spent in this place.
 B = Non-inter-level travel time spent in this place.
 C = Inter-level travel time spent in this place.
 D = Time resting spent in this place.
 E = Time spent auto-exploring this place.
 F = Levels seen in this place.
 G = Mean time per level.
                   A        B        C        D        E       F      G
               +--------+--------+--------+--------+--------+-----+--------+
         Total |  10274 |   9972 |    302 |   1513 |   5485 |  10 | 1027.4 |
       Dungeon |  10140 |   9861 |    279 |   1513 |   5444 |   9 | 1126.7 |
        Temple |    133 |    110 |     23 |      0 |     40 |   1 |  133.0 |
               +--------+--------+--------+--------+--------+-----+--------+

Top non-repeatable levels by time:
     D:7: 1975 daAuts
     D:5: 1715 daAuts
     D:2: 1413 daAuts
     D:6: 1334 daAuts
     D:1: 1172 daAuts
     D:8: 729 daAuts
     D:3: 672 daAuts
     D:4: 572 daAuts
     D:9: 556 daAuts
  Temple: 133 daAuts
